 Dungeon Crawl Stone Soup version 0.32-a0-422-g28b100f618 (webtiles) character file.

Game seed: 8063018980613800001

292 Dittersdorf the Covered (level 6, 0/39 HPs)
             Began as a Gargoyle Fighter on Feb 21, 2024.
             Killed from afar by an orc wizard (5 damage)
             ... with a magic dart
             ... on level 4 of the Dungeon.
             The game lasted 00:02:13 (2586 turns).

Dittersdorf the Covered (Gargoyle Fighter)          Turns: 2586, Time: 00:02:14

Health: 0/39       AC: 12    Str: 22    XL:     6   Next: 33%
Magic:  6/6        EV:  9    Int:  8    God:
Gold:   147        SH:  4    Dex:  9    Spells: 5/5 levels left

rFire   . . .        a - +1 flail
rCold   . . .        c - +0 buckler
rNeg    + . .        b - +0 scale mail
rPois   ∞            (no helmet)
rElec   +            (no cloak)
rCorr   .            m - +0 pair of gloves
SInv    .            (no boots)
Will    .....        (no amulet) Stlth
                     (no ring)
HPRegen 0.26/turn    (no ring)
MPRegen 0.10/turn

%: no passive effects
@: no status effects
A: sickness immunity, AC +4, negative energy resistance 1, electricity
resistance, torment resistance 1, petrification resistance
a: Convert to Beogh


You were on level 4 of the Dungeon.
You visited 1 branch of the dungeon, and saw 4 of its levels.

You collected 147 gold pieces.

Inventory:

Hand Weapons
 a - a +1 flail (weapon)
Armour
 b - a +0 scale mail (worn)
 c - a +0 buckler (worn)
 m - a +0 pair of gloves (worn)
 q - +0 fire dragon scales
Scrolls
 e - 2 scrolls of enchant weapon
 f - a scroll of fog
 n - a scroll of identify {unknown}
 o - a scroll of teleportation {unknown}
 p - a scroll of amnesia {unknown}
 s - 2 scrolls of vulnerability {unknown}
 u - a scroll of immolation {unknown}
Potions
 d - 2 potions of might
 g - 4 potions of curing {unknown}
 h - a potion of berserk rage {unknown}
 k - 2 potions of invisibility {unknown}
 r - a potion of lignification {unknown}
 t - a potion of mutation {unknown}


   Skills:
 + Level 4.7 Fighting
 + Level 3.6 Maces & Flails
 + Level 4.7 Armour
 + Level 4.6 Shields


You had 5 spell levels left.
You didn't know any spells.
Your spell library contained the following spells:

 Spells                   Type           Power      Damage    Failure   Level
 Scorch                   Fire           0%         2d5       89%         2
 Flame Wave               Conj/Fire      0%         2d4       100%        4
 Summon Cactus Giant      Summ           0%         N/A       100%        6


Dungeon Overview and Level Annotations

Branches:
Dungeon (4/15)
 Temple: D:4-7

Altars:

Shops:
D:2 [


Innate Abilities, Weirdness & Mutations

You are immune to sickness and miasma.
Your stone body is resilient. (AC +4)
You are immune to poison.
You resist negative energy. (rN+)
You are resistant to electric shocks. (rElec)
You are resistant to unholy torment.
You are immune to petrification.


Message History

The orc hits you with a +1 whip of venom.
You hear some strange, mumbled words.
A puff of flame appears from out of thin air!
The puff of flame hits you but does no damage.
The orc barely misses you.
You closely miss something. The orc misses you. The orc barely misses you.
Something hits you.
You barely miss something. You block the orc's attack.
The orc closely misses you. Something hits you.
You sock something! You block the orc's attack. x2
Something hits you but does no damage.
You miss something. The orc closely misses you. You block the orc's attack.
You hear some strange, mumbled words.
A magic dart appears from out of thin air!
The magic dart hits you but does no damage.
An orc comes into view. It is wielding a +0 club.
The orc completely misses you. You block the orc's attack.
Something hits you but does no damage.
You completely miss something.
The orc shouts!
You hear a shout! x2
The orc hits you but does no damage.
An orc priest comes into view. It is wielding a +0 dagger.
You block the orc's attack.
You hear some strange, mumbled words.
A puff of flame appears from out of thin air!
The puff of flame hits you.
* * * LOW HITPOINT WARNING * * *
The orc priest shouts, "Surrender to Beogh and we'll let you live!" (press Y on the ability menu to convert to Beogh)
The orc priest threatens, "Beogh's wrath is as vast as their mercy.
Make your choice!"
You thump the orc!
You kill the orc!
The orc hits you with a +1 whip of venom.
* * * LOW HITPOINT WARNING * * *
Something hits you.
* * * LOW HITPOINT WARNING * * *
You block the orc's attack.
A magic dart appears from out of thin air!
The magic dart hits you.
You die...

,,,,,,,,,*#..,,***..!.##,,,,,,,,,
,,,,,,,,,,.....*##.....##,,,,,,,,
,,,,,,,,..,.o..,........#,,,,***,
,,,,,,,....##..##........,,,,,***
,,,,,,,.....*#...........,*,***
,,,,,,,.....##.Soo.......****
,,,,,,,.........#{#...,,**
,,>***,.........#)###.#** ,,,*
**.........@o##### ,,,*
*..#.#..)....####
,,,****..#.#.........##
,,,,,**#..........#..##
,,,*,*,#..##.##.#.#..##
,,**,,,#.....§<.##..###
,,*,,,,.....§...##.####
***,,,,....§..#########
,*,,,,,.....§§#########


You could see an orc priest, an adder and 2 orcs.

Vanquished Creatures
  A scorpion (D:3)
  A hound (D:4)
  An orc wizard (D:4)
  5 adders
  A dart slug (D:2)
  3 ribbon worms (D:2)
  2 orcs
  12 ball pythons
  2 endoplasms
  3 giant cockroaches
  5 goblins
  3 hobgoblins
  4 jackals (D:1)
  3 kobolds
  8 quokkas
  8 bats
  3 frilled lizards
  4 rats
69 creatures vanquished.

Notes
Turn   | Place    | Note
-------+----------+-------------------------------------------
     0 | D:1      | Dittersdorf the Gargoyle Fighter began the quest for the
                  | Orb.
     0 | D:1      | Reached XP level 1. HP: 14/14 MP: 1/1
   141 | D:1      | Reached XP level 2. HP: 19/19 MP: 2/2
   497 | D:1      | Reached XP level 3. HP: 23/23 MP: 3/3
  1001 | D:2      | Reached XP level 4. HP: 15/29 MP: 4/4
  1334 | D:2      | Found Ezoreeq's Antique Armour Shoppe.
  1606 | D:2      | Reached XP level 5. HP: 33/33 MP: 5/5
  2554 | D:4      | Reached XP level 6. HP: 37/39 MP: 6/6
  2586 | D:4      | Killed from afar by an orc wizard

Illustrated notes

Levels and vault maps discovered:
D:1:      scummos_arrival_checkerplants, layout_loops_corners
D:2:      layout_loops_ring, serial_shops, nicolae_shop_dealshenge,
          kennysheep_cross_room, minmay_shallow_snake_nest
D:3:      layout_loops_cross
D:4:      layout_cave_pools, portal_sewer_entry_e, minmay_manual_mail

Skill      XL: |  1  2  3  4 |
---------------+-------------+-----
Fighting       | 4 |  4.7
Armour         | 4 |  4.7
Shields        | 4 |  4.6
Maces & Flails | 3 |  3.6

Action                     |  1- 3 |  4- 6 || total
---------------------------+-------+-------++-------
  Melee: Flail             |    82 |   172 ||   254
    Use: Scroll            |       |     5 ||     5
 Armour: Scale mail        |    71 |   206 ||   277
  Dodge: Dodged            |    32 |   107 ||   139
  Block: Buckler           |    33 |    63 ||    96

Table legend: (Time is in decaauts)
 A = Elapsed time spent in this place.
 B = Non-inter-level travel time spent in this place.
 C = Inter-level travel time spent in this place.
 D = Time resting spent in this place.
 E = Time spent auto-exploring this place.
 F = Levels seen in this place.
 G = Mean time per level.
                   A        B        C        D        E       F      G
               +--------+--------+--------+--------+--------+-----+--------+
         Total |   2660 |   2509 |    151 |     45 |   1901 |   4 |  665.0 |
       Dungeon |   2660 |   2509 |    151 |     45 |   1901 |   4 |  665.0 |
               +--------+--------+--------+--------+--------+-----+--------+

Top non-repeatable levels by time:
     D:2: 1020 daAuts
     D:1: 869 daAuts
     D:3: 708 daAuts
     D:4: 63 daAuts
